 Dungeon Crawl Stone Soup version 0.19-a0-594-g235f30c (webtiles) character file.

387 shmeve the Skirmisher (level 6, 57/57 HPs)
             Began as a Minotaur Berserker on June 11, 2016.
             Was a Priest of Trog.
             Quit the game on level 4 of the Dungeon.
             The game lasted 00:04:49 (2027 turns).

shmeve the Skirmisher (Minotaur Berserker)          Turns: 2027, Time: 00:04:49

Health: 57/57      AC:  2    Str: 25    XL:     6   Next: 49%
Magic:  5/5        EV: 13    Int:  4    God:    Trog [***...]
Gold:   149        SH:  0    Dex: 10    Spells: 0 memorised, 5 levels left

rFire  . . .     SeeInvis .     a - +0 hand axe
rCold  . . .     Gourm    .     b - +0 animal skin
rNeg   . . .     Faith    .     (no shield)
rPois  .         Spirit   .     (helmet restricted)
rElec  .         Dismiss  .     (no cloak)
rCorr  +         Reflect  .     (no gloves)
SustAt .         Harm     .     (no boots)
MR     .....                    (no amulet)
Stlth  +.........               r - +2 ring of strength
                                l - ring of resist corrosion

@: not resistant to hostile enchantments, very unstealthy
A: retaliatory headbutt, horns 2
a: Berserk, Trog's Hand, Burn Spellbooks, Renounce Religion


You were on level 4 of the Dungeon.
You worshipped Trog.
Trog was most pleased with you.
You were hungry.

You visited 1 branch of the dungeon, and saw 4 of its levels.

You collected 149 gold pieces.

Inventory:

Hand Weapons
 a - a +0 hand axe (weapon)
Armour
 b - a +0 animal skin (worn)
Jewellery
 l - a ring of resist corrosion (left hand)
 r - a +2 ring of strength (right hand)
Wands
 q - a wand of slowing (16/48)
Scrolls
 e - 5 scrolls of identify {unknown}
 i - a scroll of remove curse
 j - a scroll of magic mapping {unknown}
 n - a scroll of enchant weapon {unknown}
 p - a scroll of teleportation {unknown}
Potions
 f - a potion of degeneration {unknown}
 g - a potion of haste {unknown}
 k - 2 potions of curing {unknown}
 m - a potion of beneficial mutation {unknown}
 s - a potion of lignification {unknown}
Comestibles
 c - 3 bread rations
 d - 7 fruits
 h - 3 meat rations


   Skills:
 * Level 5.8 Fighting
 * Level 5.7 Axes
 + Level 4.2 Armour
 + Level 3.7 Dodging


You had 5 spell levels left.
You didn't know any spells.

Dungeon Overview and Level Annotations

Branches:
Dungeon (4/15)
 Temple: D:4-7

Altars:
Kikubaaqudgha
Nemelex Xobeh
Pakellas
Trog


Innate Abilities, Weirdness & Mutations

You reflexively headbutt those who attack you in melee.
You have a pair of horns on your head.


Message History

You are feeling hungry.
Done exploring.
(D) Dungeon
Where to? (Enter - D:4, ? - help)
You see here 20 stones.
There is a stone staircase leading down here.
You climb downwards.
Found a meat ration and 16 gold pieces.
There is a stone staircase leading up here.
You now have 143 gold pieces (gained 16).
h - 3 meat rations (gained 1)
c - 3 bread rations (gained 1)
Found an escape hatch in the ceiling.
You open the door.
Found a stone staircase leading down.
There is an open door here.
You now have 149 gold pieces (gained 6).
g - a bubbling orange potion
Found a war axe.
Are you sure you want to abandon this character and quit the game? (Confirm with "yes".)

#+#####+# ......)
..... ... #.# #.#....#
#@# #.#....### #.#
#.#......#
#######.##+##.....>..#
#....................#
#.####...............#
#...............#
#...............#
#####.##+##'#####
#.##.##.#


There were no monsters in sight!

Vanquished Creatures
  Sigmund (D:3)
  Jessica (D:2)
  Ijyb (D:2)
  Natasha (D:2)
  Robin (D:3)
  3 gnolls (D:3)
  3 adders
  2 oozes (D:3)
  3 worms
  3 dart slugs
  An orc (D:3)
  3 giant cockroaches
  15 goblins
  6 hobgoblins
  6 jackals
  2 kobolds
  3 quokkas (D:3)
  A ball python (D:3)
  7 bats
  2 giant newts (D:2)
  11 rats
76 creatures vanquished.

Vanquished Creatures (others)
  A jelly (D:2)
1 creature vanquished.

Grand Total: 77 creatures vanquished

Notes
Turn   | Place    | Note
--------------------------------------------------------------
     0 | D:1      | shmeve the Minotaur Berserker began the quest for the Orb.
     0 | D:1      | Reached XP level 1. HP: 19/19 MP: 0/0
   171 | D:1      | Reached XP level 2. HP: 24/27 MP: 1/1
   573 | D:2      | Found an oddly glowing altar of Pakellas.
   573 | D:2      | Noticed an orange crystal statue
   757 | D:2      | Found a sparkling altar of Nemelex Xobeh.
   759 | D:2      | Noticed Natasha
   764 | D:2      | Reached ** piety under Trog
   767 | D:2      | Killed Natasha
   767 | D:2      | Reached XP level 3. HP: 30/33 MP: 2/2
   954 | D:2      | Reached XP level 4. HP: 33/40 MP: 3/3
   988 | D:2      | Noticed Jessica
   989 | D:2      | Noticed Ijyb
   991 | D:2      | Killed Jessica
   995 | D:2      | Killed Ijyb
  1013 | D:2      | Found a bloodstained altar of Trog.
  1016 | D:2      | Found an ancient bone altar of Kikubaaqudgha.
  1019 | D:2      | Found an oddly glowing altar of Pakellas.
  1282 | D:3      | Reached XP level 5. HP: 47/47 MP: 4/4
  1486 | D:3      | Noticed Robin
  1488 | D:3      | Noticed Sigmund
  1501 | D:3      | Reached skill level 5 in Fighting
  1502 | D:3      | Killed Sigmund
  1502 | D:3      | Reached *** piety under Trog
  1502 | D:3      | Reached skill level 5 in Axes
  1502 | D:3      | Reached XP level 6. HP: 56/56 MP: 5/5
  1509 | D:3      | Killed Robin
  2027 | D:4      | Quit the game

Vault maps used:
D:1:      roderic_dead_forest
D:2:      nemelex_xobeh_ov_fountains_minmay, grunt_temple_overflow_diamond,
          gammafunk_pakellas_statue_experiment, uniq_natasha, uniq_iyjb,
          uniq_jessica
D:3:      uniq_sigmund, uniq_robin
D:4:      first_bread

Skill      XL: |  1  2  3  4  5 |
---------------+----------------+-----
Axes           | 4 5 |  5.7
Fighting       | 4 5 |  5.8
Dodging        | 3 |  3.7
Armour         | 3 4 |  4.2

Action                   |  1- 3 |  4- 6 || total
-------------------------+-------+-------++-------
Melee: Hand axe          |    40 |   104 ||   144
       Headbutt          |    14 |    26 ||    40
Invok: Berserk           |       |     2 ||     2
  Use: Scroll            |       |     1 ||     1
  Eat: Chunk             |       |     5 ||     5
Armor: Animal skin       |     4 |    14 ||    18
Dodge: Dodged            |    23 |    61 ||    84
